 Dungeon Crawl Stone Soup version 0.31-a0-865-g3d5d91748a (webtiles) character file.

Game seed: 4359107004802696923

99 Joey1 the Chopper (level 4, -1/61 HPs)
             Began as a Hill Orc Berserker on Oct 10, 2023.
             Was a Believer of Trog.
             Killed from afar by Ijyb (6 damage)
             ... with a puff of flame
             ... on level 3 of the Dungeon.
             The game lasted 00:02:37 (1428 turns).

Joey1 the Chopper (Hill Orc Berserker)              Turns: 1428, Time: 00:02:38

Health: -1/61      AC:  6    Str: 21    XL:     4   Next: 72%
Magic:  4/4        EV: 10    Int:  7    God:    Trog [**....]
Gold:   72         SH:  0    Dex: 10    Spells: 3/3 levels left

rFire   . . .        a - +0 hand axe
rCold   . . .        (no shield)
rNeg    . . .        m - +0 scale mail
rPois   .            (no helmet)
rElec   .            (no cloak)
rCorr   .            (no gloves)
SInv    .            (no boots)
Will    ++...        (no amulet) Stlth
                     (no ring)
HPRegen 1.30/turn    (no ring)
MPRegen 0.09/turn

%: no passive effects
@: berserking, lethally poisoned (-1 -> -6), strong-willed, regenerating, very
quick
A: no striking features
a: Renounce Religion, Berserk, Trog's Hand


You were on level 3 of the Dungeon.
You worshipped Trog.
Trog was pleased with you.
You visited 1 branch of the dungeon, and saw 3 of its levels.

You collected 172 gold pieces.
You spent 100 gold pieces at shops.

Inventory:

Hand Weapons
 a - a +0 hand axe (weapon)
Armour
 b - a +0 animal skin
 m - a +0 scale mail (worn)
Wands
 n - a wand of flame (25)
Scrolls
 c - a scroll of poison {unknown}
 d - a scroll of silence {unknown}
 e - a scroll of enchant weapon {unknown}
 f - 2 scrolls of amnesia {unknown}
 i - a scroll of fog {unknown}
 j - 2 scrolls of identify {unknown}
 l - 3 scrolls of immolation {unknown}
 o - 3 scrolls of enchant armour {unknown}
Potions
 g - a potion of heal wounds {unknown}
 h - a potion of lignification {unknown}
 k - a potion of curing {unknown}


   Skills:
 + Level 4.4 Fighting
 * Level 5.7 Axes
 + Level 3.1 Armour
 - Level 1.5 Dodging


You had 3 spell levels left.
You didn't know any spells.
Your spell library was empty.

Dungeon Overview and Level Annotations

Branches:
Dungeon (3/15)

Altars:
Sif Muna
Wu Jian

Shops:
D:2 *

Annotations:
D:3 Ijyb


Message History

Trog accepts your kill.
You hit Ijyb.
You feel very sick. Ijyb hits you but does no damage.
You are more poisoned.
Your skin crawls.
You feel strong-willed.
You feel very sick.
Ijyb zaps a wand.
The puff of flame hits you.
A red film seems to cover your vision as you go berserk!
You feel yourself moving faster!
You feel mighty!
You feel very sick.
Ijyb zaps a wand.
The puff of flame hits you!
* * * LOW HITPOINT WARNING * * *
You barely miss Ijyb.
Ijyb is lightly wounded.
You feel sick.
You barely miss Ijyb.
Ijyb is lightly wounded.
You feel sick.
Ijyb zaps a wand.
The puff of flame hits you.
* * * LOW HITPOINT WARNING * * *
You hit Ijyb.
Ijyb is lightly wounded.
You feel sick.
You hit Ijyb.
Ijyb is moderately wounded.
You feel sick.
Ijyb hits you with a +2 dagger of venom.
* * * LOW HITPOINT WARNING * * *
You are lethally poisoned!
You closely miss Ijyb.
Ijyb is moderately wounded.
* * * LOW HITPOINT WARNING * * *
You feel very sick. Ijyb barely misses you.
You barely miss Ijyb.
Ijyb is moderately wounded.
* * * LOW HITPOINT WARNING * * *
You feel sick.
Ijyb zaps a wand.
The puff of flame hits you.
You die...

... #........$... ...
#............. ....
#.............. .....
#............... .....
###............... .....
.................. .....
.......g.......... .....
###....@$......... .....
.................. .....
.................. .....
.................. .....
.......?.†.......# .#...
........###.#....# #...
...##...###+...[###.##..
... #.#.........#.#..#..
#####+#.#......##.##.##.


You could see Ijyb.

Vanquished Creatures
  Terence (D:2)
  3 adders
  A worm (D:3)
  2 dart slugs (D:2)
  2 endoplasms (D:1)
  2 giant cockroaches
  9 hobgoblins
  3 ball pythons
  3 bats
  3 frilled lizards
  3 goblins
  4 kobolds
  6 rats
42 creatures vanquished.

Notes
Turn   | Place    | Note
-------+----------+-------------------------------------------
     0 | D:1      | Joey1 the Hill Orc Berserker began the quest for the Orb.
     0 | D:1      | Reached XP level 1. HP: 19/19 MP: 1/1
   143 | D:1      | Reached XP level 2. HP: 25/27 MP: 2/2
   456 | D:2      | Reached ** piety under Trog
   543 | D:2      | Found Poihaori's Assorted Antiques.
   551 | D:2      | Bought a scroll labelled VAODIO SATOGAU for 17 gold pieces
   551 | D:2      | Bought a scroll labelled AKLURA JUILI for 17 gold pieces
   551 | D:2      | Bought a pink potion for 15 gold pieces
   551 | D:2      | Bought a scroll labelled VUDDAD GUTU for 17 gold pieces
   551 | D:2      | Bought a scroll labelled VUDDAD GUTU for 17 gold pieces
   551 | D:2      | Bought a scroll labelled AKLURA JUILI for 17 gold pieces
   607 | D:2      | Reached XP level 3. HP: 33/33 MP: 3/3
   927 | D:2      | Reached skill level 5 in Axes
  1009 | D:2      | Noticed Terence
  1022 | D:2      | Killed Terence
  1023 | D:2      | Reached XP level 4. HP: 12/40 MP: 4/4
  1234 | D:3      | Found a shimmering blue altar of Sif Muna.
  1289 | D:3      | Found an ornate altar of the Wu Jian Council.
  1411 | D:3      | Noticed Ijyb
  1428 | D:3      | Killed from afar by Ijyb

Illustrated notes

Levels and vault maps discovered:
D:1:      ebering_hopf_link, layout_rooms
D:2:      layout_basic, serial_shops, shop, uniq_terence
D:3:      cheibrodos_greedy_goblins, layout_basic, vehumet_crystals,
          lemuel_crystal_altar, mainiacjoe_overflow_cross_hatched,
          reono_crystal_passage, minmay_unequal, uniq_ijyb

Skill      XL: |  1  2  3 |
---------------+----------+-----
Fighting       | 4 |  4.4
Axes           | 5 |  5.7
Armour         | 3 |  3.1
Dodging        | |  1.5

Action                     |  1- 3 |  4- 6 || total
---------------------------+-------+-------++-------
  Melee: Hand axe          |    88 |    51 ||   139
 Invoke: Berserk           |     1 |     1 ||     2
         Trog's Hand       |     1 |     1 ||     2
   Stab: Sleeping          |     1 |       ||     1
 Armour: Animal skin       |    30 |       ||    30
         Scale mail        |    10 |    26 ||    36
  Dodge: Dodged            |    54 |    29 ||    83

Table legend: (Time is in decaauts)
 A = Elapsed time spent in this place.
 B = Non-inter-level travel time spent in this place.
 C = Inter-level travel time spent in this place.
 D = Time resting spent in this place.
 E = Time spent auto-exploring this place.
 F = Levels seen in this place.
 G = Mean time per level.
                   A        B        C        D        E       F      G
               +--------+--------+--------+--------+--------+-----+--------+
         Total |   1440 |   1405 |     35 |    175 |    928 |   3 |  480.0 |
       Dungeon |   1440 |   1405 |     35 |    175 |    928 |   3 |  480.0 |
               +--------+--------+--------+--------+--------+-----+--------+

Top non-repeatable levels by time:
     D:2: 736 daAuts
     D:1: 511 daAuts
     D:3: 193 daAuts
